AAA E
CHARLOTTE KNIGHTS @ WORCESTER RED SOX
06/08/2030
 
TOP OF THE 1ST
Charlotte Knights batting - Pitching for Worcester Red Sox : RHP Ron Mathews
Pitching: RHP Ron Mathews
Batting: LHB Ben Swigart 0-0: Fly out, F8 (Flyball, 8RD, EV 93.8 MPH)
Batting: RHB Billy Sylvester 0-0: Foul Ball, location: 7LSF
0-1: Ball
1-1: Called Strike
1-2: Ground out 6-3 (Groundball, 6, EV 102.5 MPH)
Batting: LHB Luis Vazquez 0-0: Ball
1-0: Reached on error, E1 (Groundball, 15S, EV 61.9 MPH)
Batting: RHB Jared Crevier 0-0: Foul Ball, location: 5F
0-1: Ball
1-1: Ball
2-1: Fielders Choice at 2nd, U4 (Groundball, 4M, EV 104.4 MPH)
Top of the 1st over - 0 runs, 0 hits, 1 error, 1 left on base; Charlotte 0 - Worcester 0
BOTTOM OF THE 1ST
Worcester Red Sox batting - Pitching for Charlotte Knights : RHP Josh Marsh
Pitching: RHP Josh Marsh
Batting: RHB Luisangel Acuna 0-0: Ball
1-0: Ground out 6-3 (Groundball, 6, EV 109.4 MPH)
Batting: RHB Jeremy Pena 0-0: Fly out, F7 (Flyball, 7, EV 93.8 MPH)
Batting: LHB Jesse Franklin 0-0: Ball
1-0: Called Strike
1-1: Foul Ball, location: 9LMF
1-2: Foul Ball, location: 5F
1-2: Ground out 4-3 (Groundball, 4, EV 88.1 MPH)
Bottom of the 1st over - 0 runs, 0 hits, 0 errors, 0 left on base; Charlotte 0 - Worcester 0
TOP OF THE 2ND
Charlotte Knights batting - Pitching for Worcester Red Sox : RHP Ron Mathews
Batting: SHB Dave Quinn 0-0: Ball
1-0: Fly out, F8 (Flyball, 8LXD, EV 101.9 MPH)
Batting: RHB Frank Ortiz 0-0: SINGLE (Line Drive, 4D, EV 100.6 MPH)
Batting: LHB Sam Caldwell 0-0: Swinging Strike
0-1: Fly out, F9 (Flyball, 9, EV 86.3 MPH)
Batting: RHB Jeff Winslett 0-0: Ball
1-0: Called Strike
1-1: Fly out, F6 (Line Drive, 6, EV 65.0 MPH)
Top of the 2nd over - 0 runs, 1 hit, 0 errors, 1 left on base; Charlotte 0 - Worcester 0
BOTTOM OF THE 2ND
Worcester Red Sox batting - Pitching for Charlotte Knights : RHP Josh Marsh
Batting: LHB Mike Foltz 0-0: Fly out, F9 (Flyball, 9, EV 74.4 MPH)
Batting: RHB Erik Meeks 0-0: Called Strike
0-1: Ball
1-1: Ball
2-1: Fly out, F7 (Flyball, 7LSF, EV 84.4 MPH)
Batting: SHB Geraldo Perdomo 0-0: Ball
1-0: Ball
2-0: Ball
3-0: Base on Balls
Batting: SHB Xavier Edwards 0-0: Ball
1-0: Called Strike
1-1: Foul Ball, location: 2F
1-2: Foul Ball, location: 7LSF
1-2: Ball
2-2: Fly out, F7 (Flyball, 78M, EV 96.3 MPH)
Bottom of the 2nd over - 0 runs, 0 hits, 0 errors, 1 left on base; Charlotte 0 - Worcester 0
TOP OF THE 3RD
Charlotte Knights batting - Pitching for Worcester Red Sox : RHP Ron Mathews
Batting: LHB Moises Ballesteros 0-0: Called Strike
0-1: Ball
1-1: Foul Ball, location: 9LDF
1-2: Foul Ball, location: 9LSF
1-2: Ball
2-2: Ball
3-2: Reached via error on a dropped throw from 3B, E3 (Groundball, 5S, EV 80.0 MPH)
Batting: LHB Ben Swigart 0-0: Ball
1-0: Called Strike
1-1: Called Strike
1-2: Ball
2-2: Ball
3-2: Foul Ball, location: 2F
3-2: Strikes out swinging
Batting: RHB Billy Sylvester 0-0: Ball
1-0: Ball
2-0: Ball
3-0: Base on Balls
Moises Ballesteros to second
Batting: LHB Luis Vazquez 0-0: Fly out, F8 (Flyball, 8LM, EV 87.5 MPH)
Batting: RHB Jared Crevier 0-0: Ball
1-0: Called Strike
1-1: SINGLE (Groundball, 4MD, EV 95.0 MPH)
Moises Ballesteros to third
Billy Sylvester to second
Runner from 3rd tries for Home, SAFE, throw by CF to home
Batting: SHB Dave Quinn 0-0: Called Strike
0-1: Ball
1-1: Ball
2-1: Ball
3-1: Foul Ball, location: 7LSF
3-2: Base on Balls
Billy Sylvester to third
Jared Crevier to second
Batting: RHB Frank Ortiz 0-0: Called Strike
0-1: Ball
1-1: SINGLE (Flyball, 9LS, EV 92.5 MPH)
Billy Sylvester scores
Jared Crevier to third
Dave Quinn to second
Batting: LHB Sam Caldwell 0-0: Called Strike
0-1: Foul Ball, location: 3FF
0-2: Ball
Wild Pitch!
Jared Crevier scores
Dave Quinn to third
Frank Ortiz to second
1-2: Ball
2-2: Ground out U3 (Groundball, 34, EV 98.8 MPH)
Top of the 3rd over - 3 runs, 2 hits, 1 error, 2 left on base; Charlotte 3 - Worcester 0
BOTTOM OF THE 3RD
Worcester Red Sox batting - Pitching for Charlotte Knights : RHP Josh Marsh
Batting: RHB Alika Williams 0-0: Called Strike
0-1: Called Strike
0-2: Ground out 5-3 (Groundball, 56, EV 85.6 MPH)
Batting: RHB Jim Fonseca 0-0: Called Strike
0-1: Called Strike
0-2: Ball
1-2: Ball
2-2: Foul Ball, location: 2F
2-2: Ball
3-2: Fly out, F9 (Flyball, 9, EV 79.4 MPH)
Batting: RHB Luisangel Acuna 0-0: Ball
1-0: Ball
2-0: Foul Ball, location: 2F
2-1: Foul Ball, location: 3SF
2-2: Ball
3-2: Base on Balls
Batting: RHB Jeremy Pena 0-0: Swinging Strike
0-1: Foul Ball, location: 25F
0-2: Ground out 5-3 (Groundball, 56S, EV 68.8 MPH)
Bottom of the 3rd over - 0 runs, 0 hits, 0 errors, 1 left on base; Charlotte 3 - Worcester 0
TOP OF THE 4TH
Charlotte Knights batting - Pitching for Worcester Red Sox : RHP Ron Mathews
Batting: RHB Jeff Winslett 0-0: Ball
1-0: Ball
2-0: Ball
3-0: Called Strike
3-1: SINGLE (Line Drive, 9S, EV 96.3 MPH)
Batting: LHB Moises Ballesteros 0-0: Ball
1-0: Ball
2-0: Foul Ball, location: 2RF
2-1: Swinging Strike
2-2: Strikes out looking
Batting: LHB Ben Swigart 0-0: Ball
1-0: Ball
2-0: 2-RUN HOME RUN (Flyball, 9D, EV 91.3 MPH), Distance : 350 ft
Pitching: RHP Jerry Bloom
Batting: RHB Billy Sylvester 0-0: Ball
1-0: Foul Ball, location: 23F
1-1: Swinging Strike
1-2: Ball
2-2: Ball
3-2: Strikes out swinging
Batting: LHB Luis Vazquez 0-0: Ground out U3 (Groundball, 3, EV 101.9 MPH)
Top of the 4th over - 2 runs, 2 hits, 0 errors, 0 left on base; Charlotte 5 - Worcester 0
BOTTOM OF THE 4TH
Worcester Red Sox batting - Pitching for Charlotte Knights : RHP Josh Marsh
Batting: LHB Jesse Franklin 0-0: Ball
1-0: Ball
2-0: Called Strike
2-1: Foul Ball, location: 5F
2-2: Ball
3-2: Base on Balls
Batting: LHB Mike Foltz 0-0: Ball
1-0: Fly out, F8 (Flyball, 8RD, EV 106.9 MPH)
Batting: RHB Erik Meeks 0-0: Grounds into double play, 5-4-3 (Groundball, 56, EV 104.4 MPH)
Bottom of the 4th over - 0 runs, 0 hits, 0 errors, 0 left on base; Charlotte 5 - Worcester 0
TOP OF THE 5TH
Charlotte Knights batting - Pitching for Worcester Red Sox : RHP Jerry Bloom
Batting: RHB Jared Crevier 0-0: Ball
1-0: Ball
2-0: Foul Ball, location: 9LDF
2-1: Ball
3-1: Base on Balls
Batting: SHB Dave Quinn 0-0: Ball
1-0: Foul Ball, location: 2F
1-1: Ball
2-1: Foul Ball, location: 2RF
2-2: Fly out, F8 (Flyball, 8RD, EV 105.6 MPH)
Batting: RHB Frank Ortiz 0-0: Grounds into double play, 6-4-3 (Groundball, 6, EV 97.5 MPH)
Top of the 5th over - 0 runs, 0 hits, 0 errors, 0 left on base; Charlotte 5 - Worcester 0
BOTTOM OF THE 5TH
Worcester Red Sox batting - Pitching for Charlotte Knights : RHP Josh Marsh
Batting: SHB Geraldo Perdomo 0-0: Ball
1-0: Ball
2-0: Ball
3-0: Called Strike
3-1: Foul Ball, location: 25FF
3-2: Foul Ball, location: 7LSF
3-2: Base on Balls
Batting: SHB Xavier Edwards 0-0: Ball
1-0: Called Strike
1-1: Ball
2-1: Ball
3-1: Called Strike
3-2: Base on Balls
Geraldo Perdomo to second
Batting: RHB Alika Williams 0-0: Grounds into double play, 5-4-3 (Groundball, 56, EV 81.9 MPH)
Geraldo Perdomo to third
Batting: RHB Jim Fonseca 0-0: Ball
1-0: Ball
2-0: Ball
3-0: Called Strike
3-1: Base on Balls
Batting: RHB Luisangel Acuna 0-0: Ball
1-0: Called Strike
1-1: Ball
2-1: Foul Ball, location: 2F
2-2: Strikes out swinging
Bottom of the 5th over - 0 runs, 0 hits, 0 errors, 2 left on base; Charlotte 5 - Worcester 0
TOP OF THE 6TH
Charlotte Knights batting - Pitching for Worcester Red Sox : RHP Jerry Bloom
Batting: LHB Sam Caldwell 0-0: Called Strike
0-1: Swinging Strike
0-2: Ball
1-2: Ball
2-2: Foul Ball, location: 7LMF
2-2: Ball
3-2: Base on Balls
Batting: RHB Jeff Winslett 0-0: Ball
1-0: Ball
2-0: Ball
3-0: Called Strike
3-1: Base on Balls
Sam Caldwell to second
Batting: LHB Moises Ballesteros 0-0: Ball
1-0: Called Strike
1-1: Ground out 4-3 (Groundball, 34D, EV 101.9 MPH)
Sam Caldwell to third
Jeff Winslett to second
Batting: LHB Ben Swigart 0-0: Fly out, F8 (Flyball, 89M, EV 92.5 MPH)
Runner from 3rd tags up, OUT at HOME! 8-2
Top of the 6th over - 0 runs, 0 hits, 0 errors, 1 left on base; Charlotte 5 - Worcester 0
BOTTOM OF THE 6TH
Worcester Red Sox batting - Pitching for Charlotte Knights : RHP Josh Marsh
Batting: RHB Jeremy Pena 0-0: Foul Ball, location: 2F
0-1: Called Strike
0-2: Strikes out looking
Batting: LHB Jesse Franklin 0-0: Ball
1-0: Ground out 4-3 (Groundball, 34, EV 77.5 MPH)
Batting: LHB Mike Foltz 0-0: Ball
1-0: Called Strike
1-1: Ball
2-1: Ball
3-1: Called Strike
3-2: Ground out 5-3 (Groundball, 56S, EV 83.8 MPH)
Bottom of the 6th over - 0 runs, 0 hits, 0 errors, 0 left on base; Charlotte 5 - Worcester 0
TOP OF THE 7TH
Charlotte Knights batting - Pitching for Worcester Red Sox : RHP Jerry Bloom
Batting: RHB Billy Sylvester 0-0: Ball
1-0: Foul Ball, location: 2F
1-1: Ball
2-1: Ball
3-1: Foul Ball, location: 9LDF
3-2: Base on Balls
Pitching: RHP Mike Mueller
Batting: LHB Luis Vazquez 0-0: Swinging Strike
0-1: Ball
1-1: Called Strike
1-2: Strikes out looking
Batting: RHB Jared Crevier 0-0: Ball
1-0: Ball
2-0: Foul Ball, location: 5DF
2-1: Grounds into double play, 5-4-3 (Groundball, 5, EV 105.0 MPH)
Top of the 7th over - 0 runs, 0 hits, 0 errors, 0 left on base; Charlotte 5 - Worcester 0
BOTTOM OF THE 7TH
Worcester Red Sox batting - Pitching for Charlotte Knights : RHP Josh Marsh
Batting: RHB Erik Meeks 0-0: Ball
1-0: Swinging Strike
1-1: Fly out, F9 (Flyball, 9D, EV 105.6 MPH)
Batting: SHB Geraldo Perdomo 0-0: Ball
1-0: Called Strike
1-1: Ball
2-1: Ball
3-1: Foul Ball, location: 3FF
3-2: Base on Balls
Batting: SHB Xavier Edwards 0-0: Called Strike
0-1: Foul Ball, location: 2F
0-2: Ball
1-2: Ball
2-2: Ball
3-2: Foul Ball, location: 2F
3-2: Ground out 4-3 (Groundball, 4, EV 83.1 MPH)
Geraldo Perdomo to second
Batting: RHB Alika Williams 0-0: Ball
1-0: Foul Ball, location: 2F
1-1: Ball
2-1: Ball
3-1: Foul Ball, location: 3FF
3-2: Strikes out swinging
Bottom of the 7th over - 0 runs, 0 hits, 0 errors, 1 left on base; Charlotte 5 - Worcester 0
TOP OF THE 8TH
Charlotte Knights batting - Pitching for Worcester Red Sox : RHP Mike Mueller
Batting: SHB Dave Quinn 0-0: Ball
1-0: Foul Ball, location: 7LSF
1-1: Ground out 4-3 (Groundball, 4M, EV 83.1 MPH)
Batting: RHB Frank Ortiz 0-0: Called Strike
0-1: Called Strike
0-2: Ball
1-2: SINGLE (Groundball, 56S, EV 66.9 MPH) (infield hit)
Batting: LHB Sam Caldwell 0-0: Called Strike
0-1: Fly out, F8 (Flyball, 8RD, EV 101.3 MPH)
Batting: RHB Jeff Winslett 0-0: Called Strike
0-1: Called Strike
0-2: Strikes out swinging
Top of the 8th over - 0 runs, 1 hit, 0 errors, 1 left on base; Charlotte 5 - Worcester 0
BOTTOM OF THE 8TH
Worcester Red Sox batting - Pitching for Charlotte Knights : RHP Josh Marsh
Batting: RHB Jim Fonseca 0-0: Fly out, F8 (Flyball, 8RXD, EV 92.5 MPH)
Batting: RHB Luisangel Acuna 0-0: Ball
1-0: Called Strike
1-1: Foul Ball, location: 2F
1-2: Ball
2-2: Foul Ball, location: 2F
2-2: Ball
3-2: Ground out 5-3 (Groundball, 56S, EV 85.6 MPH)
Batting: RHB Jeremy Pena 0-0: Called Strike
0-1: Fly out, F9 (Line Drive, 89M, EV 101.3 MPH)
Bottom of the 8th over - 0 runs, 0 hits, 0 errors, 0 left on base; Charlotte 5 - Worcester 0
TOP OF THE 9TH
Charlotte Knights batting - Pitching for Worcester Red Sox : RHP Mike Mueller
Pitching: RHP Ricky Vanasco
Batting: LHB Moises Ballesteros 0-0: Swinging Strike
0-1: Foul Ball, location: 23F
0-2: Ball
1-2: Ball
2-2: Strikes out swinging
DELAY Rain delay of 26 minutes in the 9th inning.
Batting: LHB Ben Swigart 0-0: Called Strike
0-1: Swinging Strike
0-2: Ball
1-2: Ball
2-2: Foul Ball, location: 2F
2-2: Strikes out looking
Batting: RHB Billy Sylvester 0-0: Ball
1-0: Ball
2-0: Foul Ball, location: 23F
2-1: DOUBLE (Line Drive, 89D, EV 86.9 MPH)
Batting: LHB Luis Vazquez 0-0: Ball
1-0: Called Strike
1-1: Ball
2-1: Foul Ball, location: 7LSF
2-2: Strikes out swinging
Top of the 9th over - 0 runs, 1 hit, 0 errors, 1 left on base; Charlotte 5 - Worcester 0
BOTTOM OF THE 9TH
Worcester Red Sox batting - Pitching for Charlotte Knights : RHP Josh Marsh
Batting: LHB Jesse Franklin 0-0: Ball
1-0: Ball
2-0: Foul Ball, location: 5F
2-1: SINGLE (Line Drive, 7S, EV 90.0 MPH)
Pitching: RHP Ted Hasting
Batting: LHB Mike Foltz 0-0: Called Strike
0-1: Ball
1-1: SINGLE (Groundball, 34D, EV 108.8 MPH)
Jesse Franklin to second
Batting: RHB Erik Meeks 0-0: Ball
1-0: Swinging Strike
1-1: Ball
2-1: Foul Ball, location: 2RF
2-2: Ball
3-2: Base on Balls
Jesse Franklin to third
Mike Foltz to second
Batting: SHB Geraldo Perdomo 0-0: Ball
1-0: Ball
2-0: Foul Ball, location: 7LMF
2-1: Called Strike
2-2: Foul Ball, location: 2F
2-2: Foul Ball, location: 2F
2-2: Foul Ball, location: 3F
2-2: Fly out, F7 (Line Drive, 78M, EV 94.4 MPH)
Runner from 3rd tags up, SCORES, no throw by LF
Pitching: RHP Dan Redford
Batting: SHB Xavier Edwards 0-0: Ball
1-0: DOUBLE (Groundball, 3L, EV 110.0 MPH)
Mike Foltz scores
Erik Meeks to third
Pinch Hitting: LHB Steven Kwan 0-0: Ball
1-0: Ball
2-0: Ball
3-0: Base on Balls
Pinch Hitting: LHB Zach Malis 0-0: Foul Ball, location: 7LMF
0-1: Foul Ball, location: 3FF
0-2: Ball
1-2: Foul Ball, location: 5SF
1-2: Ball
2-2: Foul Ball, location: 3F
2-2: Fly out, F8 (Flyball, 8RXD, EV 86.9 MPH)
Runner from 3rd tags up, SCORES, no throw by CF
Xavier Edwards to third
Batting: RHB Luisangel Acuna 0-0: Foul Ball, location: 5FF
0-1: Ball
1-1: Called Strike
1-2: Fielders Choice at 2nd, 4-6 (Groundball, 4MD, EV 90.6 MPH)
Bottom of the 9th over - 3 runs, 3 hits, 0 errors, 2 left on base; Charlotte 5 - Worcester 3
Monday, March 18th , 2024 - OOTP Baseball 24.7 Build 72